 Dungeon Crawl Stone Soup version 0.29.1-2-gbd0b4ee654 (webtiles) character file.

Game seed: 16035308822368475940

11388 PhantomBowie the Fighter (level 11, 0/101 HPs)
             Began as a Minotaur Berserker on Nov 16, 2022.
             Was a High Priest of Trog.
             Slain by a death yak (19 damage)
             ... on level 10 of the Dungeon.
             The game lasted 00:40:07 (10022 turns).

PhantomBowie the Fighter (Minotaur Berserker)      Turns: 10022, Time: 00:40:09

Health: 0/101      AC: 21    Str: 25    XL:     11   Next: 48%
Magic:  10/10      EV:  9    Int:  4    God:    Trog [*****.]
Gold:   686        SH: 10    Dex: 11    Spells: 10/10 levels left

rFire   + . .      SeeInvis .   E - +8 morningstar of Fedhas, Sharing {flame, +Blink rF+ rN+}
rCold   . . .      Faith    .   d - +0 kite shield
rNeg    + + .      Spirit   .   A - +0 plate armour
rPois   .          Reflect  .   (helmet restricted)
rElec   .          Harm     .   a - +0 cloak
rCorr   .          Rampage  .   e - +1 pair of gloves
Will    .....                   G - +1 pair of boots
Stlth   ..........              (no amulet)
HPRegen 0.26/turn               b - ring of positive energy
MPRegen 0.12/turn               (no ring)

@: on berserk cooldown, slowed, very slow
A: horns 2, retaliatory headbutt
a: Renounce Religion, Evoke Blink, Berserk, Trog's Hand, Brothers in Arms


You were on level 10 of the Dungeon.
You worshipped Trog.
Trog was extremely pleased with you.
You visited 2 branches of the dungeon, and saw 11 of its levels.

You collected 686 gold pieces.

Inventory:

Hand Weapons
 E - the +8 morningstar of Fedhas, Sharing (weapon) {flame, +Blink rF+ rN+}
   (You found it on level 6 of the Dungeon)

   It burns those it strikes, dealing additional fire damage.
   rF:        It protects you from fire.
   rN:        It protects you from negative energy.
   +Blink:    It lets you blink.
 M - the +6 sling of Gravity {flame, Fly Will- Dex+2 SInv}
   (You found it on level 10 of the Dungeon)

   Any ammunition fired from it burns those it strikes, dealing additional fire
   damage.
   Dex:       It affects your dexterity (+2).
   SInv:      It lets you see invisible.
   Fly:       It grants you flight.
   Will:      It decreases your willpower.
Missiles
 c - 68 stones
 h - 32 poisoned darts (quivered)
 k - 2 throwing nets
 p - a curare-tipped dart
 H - 6 datura-tipped darts
Armour
 a - a +0 cloak (worn)
 d - a +0 kite shield (worn)
 e - a +1 pair of gloves (worn)
 A - a +0 plate armour (worn)
 G - a +1 pair of boots (worn)
Jewellery
 b - a ring of positive energy (left hand)
 F - a ring of flight
Wands
 D - a wand of mindburst (17)
 J - a wand of flame (23)
 L - a wand of polymorph (3)
Scrolls
 g - 3 scrolls of immolation
 l - 2 scrolls of poison {unknown}
 o - a scroll of acquirement {unknown}
 r - 4 scrolls of fear
 s - 4 scrolls of fog
 t - a scroll of enchant weapon {unknown}
 v - 2 scrolls of magic mapping {unknown}
 y - 2 scrolls of teleportation {unknown}
 B - 2 scrolls of identify
 C - a scroll of amnesia {unknown}
 K - 2 scrolls of noise {unknown}
 N - a scroll of enchant armour {unknown}
 O - a scroll of silence {unknown}
Potions
 f - 2 potions of mutation
 i - 2 potions of cancellation {unknown}
 j - a potion of attraction {unknown}
 m - 3 potions of lignification
 n - 2 potions of haste
 q - a potion of berserk rage {unknown}
 u - a potion of heal wounds
 w - 2 potions of magic {unknown}
 x - 4 potions of curing
 z - a potion of might {unknown}
 I - a potion of invisibility {unknown}


   Skills:
 + Level 10.8 Fighting
 + Level 10.7 Maces & Flails
 + Level 10.4 Armour
 + Level 9.5 Dodging
 + Level 8.8 Shields


You had 10 spell levels left.
You didn't know any spells.
Your spell library was empty.

Dungeon Overview and Level Annotations

Branches:
Dungeon (10/15)            Temple (1/1) D:7             Orc (0/2) D:10
   Lair: D:8-11

Altars:
Ashenzari
Cheibriados
Dithmenos
Elyvilon
Fedhas
Gozag
Kikubaaqudgha
Nemelex Xobeh
Okawaru
Qazlal
Ru
Sif Muna
Trog
Uskayaw
Vehumet
Wu Jian
Xom
Yredelemnul
Zin
The Shining One

Shops:
D:1 (   D:8 **


Innate Abilities, Weirdness & Mutations

You have a pair of horns on your head.
You reflexively headbutt those who attack you in melee.


Message History

Trog accepts your kill. The death yak barely misses you.
Things that are here:
a death yak corpse; a death yak corpse You hit the death yak.
You burn the death yak.
The death yak is lightly wounded.
The death yak gores you!
You hit the death yak. You burn the death yak.
The death yak is lightly wounded.
You bludgeon the death yak!! You burn the death yak!
You headbutt the death yak!
The death yak is severely wounded.
You are no longer berserk.
You are exhausted.
You feel yourself slow down. You block the death yak's attack.
You impale the death yak!! You burn the death yak.
You kill the death yak!
Trog accepts your kill. You block the death yak's attack.
You puncture the death yak! You burn the death yak.
The death yak is lightly wounded.
The death yak gores you but does no damage.
You puncture the death yak! You burn the death yak.
The death yak is moderately wounded.
The death yak gores you! You block the death yak's attack.
You barely miss the death yak.
The death yak is moderately wounded.
You block the death yak's attack.
You puncture the death yak! You burn the death yak. You headbutt the death yak!
The death yak is severely wounded.
The death yak gores you but does no damage.
The death yak gores you!
You puncture the death yak! You burn the death yak!
You headbutt the death yak, but do no damage.
The death yak is almost dead.
The death yak gores you!!
* * * LOW HITPOINT WARNING * * *
The death yak snorts and paws the ground.
The death yak gores you!!
You die...

#...# ### ##..### ##
######...###### #.######.^######.
#.............###..#...##....##..
.........Y)Y.)...#.#.#..####†P##.
#.............##.#.........##.###
######...#######(#.##.##.......##
#...# #(.....##>#####†## #...#
#Y###.###.#####.## #...# #@#
#............. #...#
#.###..........### ##.##
####....>.........###
#####.#####.....<##......♣P....
#...........####.......P....###
#.##..#.##..####.##...♣.....#
###.#P..#.......##......P.♣..P#
.#..#~PP......#<##.##.♣...~~..#
.#..P~~~~PP...#.##.##...~~~~♣.#


You could see a death yak.

Vanquished Creatures
  A hydra (D:7)
  A two-headed ogre (D:9)
  4 death yaks (D:10)
  An orc knight (D:10)
  A manticore (D:7)
  An unseen horror (D:7)
  3 trolls
  2 hornets (D:8)
  Sigmund (D:2)
  A shadow (D:9)
  A yak (D:7)
  A wraith (D:7)
  2 steam dragons
  Edmund (D:5)
  Menkaure (D:4)
  A water moccasin (D:6)
  3 sky beasts (D:7)
  3 ice beasts
  4 orc warriors
  2 ogres
  2 centaurs
  2 phantoms (D:6)
  Blork the orc (D:4)
  4 gnoll sergeants
  3 kobold brigands
  2 bullfrogs (D:7)
  5 scorpions (D:10)
  A necrophage (D:7)
  9 wights
  9 killer bees
  An oklob sapling (D:7)
  2 electric eels (D:10)
  2 howler monkeys
  3 jellies
  7 orc priests
  3 hounds
  Crazy Yiuf (D:5)
  2 gnoll boudas
  Jessica (D:2)
  Natasha (twice) (D:2)
  6 orc wizards
  An iguana (D:6)
  10 adders
  22 gnolls
  A shadow imp (D:7)
  3 white imps
  An ufetubus (D:6)
  A worm (D:3)
  3 dart slugs
  36 orcs
  8 ball pythons
  7 endoplasms
  7 giant cockroaches
  5 goblins
  6 hobgoblins
  2 quokkas (D:4)
  7 bats
  7 frilled lizards
  18 kobolds
  6 rats
254 creatures vanquished.

Vanquished Creatures (others)
  A sky beast (D:7)
  5 fungi (D:10)
  29 plants
35 creatures vanquished.

Grand Total: 289 creatures vanquished

Notes
Turn   | Place    | Note
-------+----------+-------------------------------------------
     0 | D:1      | PhantomBowie the Minotaur Berserker began the quest for the
                  | Orb.
     0 | D:1      | Reached XP level 1. HP: 19/19 MP: 0/0
   248 | D:1      | Reached XP level 2. HP: 27/27 MP: 1/1
   579 | D:1      | Found Soun's Weapon Shop.
   764 | D:2      | Noticed Sigmund
   769 | D:2      | Noticed Jessica
   771 | D:2      | Killed Sigmund
   772 | D:2      | Reached XP level 3. HP: 21/34 MP: 2/2
   772 | D:2      | Reached XP level 4. HP: 26/41 MP: 3/3
   772 | D:2      | Reached XP level 5. HP: 29/47 MP: 4/4
   786 | D:2      | Killed Jessica
   979 | D:2      | Reached ** piety under Trog
  1053 | D:2      | Reached skill level 5 in Maces & Flails
  1182 | D:2      | Reached skill level 5 in Fighting
  1452 | D:2      | Found a faded altar of an unknown god.
  1466 | D:2      | Found a faded altar of an unknown god.
  1528 | D:2      | Noticed Natasha
  1533 | D:2      | Killed Natasha
  1534 | D:2      | Reached XP level 6. HP: 50/56 MP: 5/5
  1643 | D:2      | Noticed Natasha
  1647 | D:2      | Killed Natasha
  2109 | D:3      | You fall into a shaft and drop 1 floor!
  2331 | D:4      | Found a snail-covered altar of Cheibriados.
  2497 | D:4      | Noticed Blork the orc
  2511 | D:4      | Killed Blork the orc
  2704 | D:4      | Noticed Menkaure
  2777 | D:3      | Found a blossoming altar of Fedhas.
  2777 | D:3      | Found an opulent altar of Gozag.
  3082 | D:3      | Reached *** piety under Trog
  3179 | D:4      | Found a stormy altar of Qazlal.
  3197 | D:4      | Reached skill level 5 in Armour
  3197 | D:4      | Reached XP level 7. HP: 50/62 MP: 6/6
  3884 | D:5      | Entered Level 5 of the Dungeon
  4416 | D:5      | Found a runed translucent door.
  4417 | D:5      | Noticed Crazy Yiuf
  4475 | D:5      | Reached skill level 5 in Dodging
  4669 | D:5      | Noticed Edmund
  4686 | D:5      | Reached skill level 1 in Shields
  4694 | D:5      | Killed Edmund
  5017 | D:4      | Killed Menkaure
  5018 | D:4      | Reached XP level 8. HP: 71/71 MP: 7/7
  5189 | D:5      | Killed Crazy Yiuf
  5367 | D:6      | Identified the +8 morningstar of Fedhas, Sharing {flame,
                  | +Blink rF+ rN+}
  6013 | D:7      | Noticed a troll
  6027 | D:7      | Killed a troll
  6028 | D:7      | Reached XP level 9. HP: 52/80 MP: 8/8
  6178 | D:7      | Found a sacrificial altar of Ru.
  6399 | D:7      | Found a bloodstained altar of Trog.
  6400 | D:7      | Found a glowing silver altar of Zin.
  6400 | D:7      | Found an ornate altar of the Wu Jian Council.
  6400 | D:7      | Found an ornate altar of the Wu Jian Council.
  6421 | D:7      | Reached skill level 5 in Shields
  6529 | D:7      | Found a staircase to the Ecumenical Temple.
  6630 | D:7      | Identified the +2 hand axe "Lexeh" {vamp, rPois Will+ Str-4
                  | Dex+3}
  6631 | D:7      | Noticed a manticore
  6635 | D:7      | Killed a manticore
  6638 | D:7      | Killed an unseen horror
  6653 | D:7      | Noticed a five-headed hydra
  6659 | D:7      | Killed a five-headed hydra
  6660 | D:7      | Reached XP level 10. HP: 34/91 MP: 9/9
  6903 | D:7      | Reached **** piety under Trog
  6961 | D:7      | Found a blossoming altar of Fedhas.
  7219 | Temple   | Entered the Ecumenical Temple
  7427 | D:8      | Found Woiclak's Demolitions Depot.
  7883 | D:8      | Found Mukid's Neck Hole.
  8538 | D:9      | Found an ornate altar of the Wu Jian Council.
  8945 | D:9      | Noticed a two-headed ogre
  8951 | D:9      | Killed a two-headed ogre
  8952 | D:9      | Reached skill level 10 in Fighting
  8952 | D:9      | Reached skill level 10 in Maces & Flails
  9166 | D:10     | Entered Level 10 of the Dungeon
  9196 | D:10     | Reached XP level 11. HP: 74/99 MP: 10/10
  9415 | D:10     | Reached ***** piety under Trog
  9617 | D:10     | Identified the +6 sling of Gravity {flame, Fly Will- Dex+2
                  | SInv}
  9691 | D:10     | Found the +7 Singing Sword {vorpal, sonic wave}
  9872 | D:10     | Noticed an orc knight
  9891 | D:10     | Killed an orc knight
  9892 | D:10     | Reached skill level 10 in Armour
  9905 | D:10     | Found a staircase to the Orcish Mines.
  9967 | D:10     | Noticed a death yak
  9968 | D:10     | Noticed a death yak
  9968 | D:10     | Noticed a death yak
  9997 | D:10     | Noticed a death yak
  9998 | D:10     | Noticed a death yak
 10003 | D:10     | Killed a death yak
 10009 | D:10     | Killed a death yak
 10012 | D:10     | Killed a death yak
 10017 | D:10     | Killed a death yak
 10022 | D:10     | Slain by a death yak

Illustrated notes

Levels and vault maps discovered:
D:1:      matt_arrival_spirals, layout_basic, serial_shops,
          nicolae_shop_bloodbath_and_beyond
D:2:      layout_basic, hellmonk_ecumenical_altar_the_god_not_taken,
          mrwooster_statue_mirror, interstate_on_off, grunt_decor_cap,
          minmay_misc_feat_cross, minmay_tripent, uniq_jessica, uniq_natasha,
          uniq_sigmund
D:3:      kennysheep_six_static_rooms, layout_rooms, jmf_multi_god_temple,
          eino_curves_04
D:4:      layout_basic, overflow_temple_1_default, lemuel_tele_altar,
          hex_medium, uniq_menkaure, uniq_ijyb, uniq_blork_the_orc
D:5:      layout_rooms, nicolae_overflow_hidden_temple,
          hangedman_abyss_or_decor_lesser_grid, nicolae_fountain_basement,
          uniq_crazy_yiuf_cottage, uniq_edmund
D:6:      layout_cave_pools
D:7:      minmay_the_grid_octo_2x2 [minmay_the_grid_octo_clover_2,
          minmay_the_grid_octo_shrine, minmay_the_grid_octo_vomiting_pacman,
          minmay_the_grid_octo_prize_single_spiral], layout_cave_pools,
          nicolae_ru_awakened_eye, minmay_temple_entry_oklob
D:8:      layout_loops_ring, nicolae_blasting_shop,
          nicolae_shop_sticking_my_neck_out
D:9:      layout_loops_cross, nicolae_wu_jian_immortal_techniques
D:10:     old_forge, layout_loops_cross, dpeg_lair_monsters, david_orc_5,
          serial_bayou, serial_bayou_ford_a, serial_bayou_pond_a,
          serial_bayou_pond_c, serial_bayou_shore_b, serial_bayou_lagoon_a,
          serial_bayou_lake_a
Temple:   nicolae_temple_bog_church

Skill      XL: |  1  2  3  4  5  6  7  8  9 10 11 |
---------------+----------------------------------+-----
Fighting       | 4 5 6 7 9 10 | 10.8
Maces & Flails | 4 5 6 7 9 10 | 10.7
Armour         | 3 4 5 7 8 9 10 | 10.4
Dodging        | 3 4 5 6 7 8 9 |  9.5
Shields        | 2 4 6 7 8 |  8.8

Action                   |  1- 3 |  4- 6 |  7- 9 | 10-12 || total
-------------------------+-------+-------+-------+-------++-------
Melee: Mace              |    40 |   132 |    58 |       ||   230
       Headbutt          |     6 |    17 |    36 |    43 ||   102
       Punch             |       |     1 |     2 |       ||     3
       Flail             |       |       |     8 |       ||     8
       Morningstar       |       |       |    92 |   246 ||   338
Throw: Dart              |       |       |       |     7 ||     7
Invok: Berserk           |     1 |       |     4 |     2 ||     7
  Use: Scroll            |       |     4 |     3 |     2 ||     9
Armor: Animal skin       |     2 |       |       |       ||     2
       Ring mail         |    10 |    48 |     7 |       ||    65
       Plate armour      |       |       |    76 |    85 ||   161
Dodge: Dodged            |    28 |    61 |    64 |    72 ||   225
Block: Buckler           |       |       |    23 |    15 ||    38
       Kite shield       |       |       |       |    65 ||    65
